 Dungeon Crawl Stone Soup version bcrawl-1.37.2 (webtiles) character file.

Game seed: 12728303910716481352

421315 Leeroy the Fencer (level 15, -14/103 HPs)
             Began as a Vampire Skald on Jan 31, 2023.
             Was the Champion of Makhleb.
             Demolished by a salamander (15 damage)
             ... on level 1 of the Snake Pit.
             The game lasted 01:07:36 (24846 turns).

Leeroy the Fencer (Vampire Skald)                  Turns: 24846, Time: 01:07:36

Health: -14/103    AC: 16    Str: 20    XL:     15   Next: 4%
Magic:  22/22      EV: 16    Int: 18    God:    Makhleb [******]
Gold:   1760       SH:  0    Dex: 18    Spells: 11/24 levels left

rFire    . . .     GDR:     37% f - +2 rapier (speed)
rCold    . . .     SeeInvis +   (no shield)
rNeg     . . .     Gourm    .   u - +1 ring mail of Yrha {+Inv Int+3}
rPois    .         Faith    .   v - +0 helmet
rElec    +         Spirit   .   y - scarf {repulsion}
rCorr    .         Reflect  .   H - +2 pair of gloves
MR       +....                  S - +2 pair of boots {Stlth++}
Stlth    +++++++...             O - amulet of regeneration
HPRegen  1.96/turn              R - ring of insulation
MPRegen  0.18/turn              m - +6 ring of strength

@: regenerating quickly, constricted, repel missiles
A: claws 1, fangs 3, see invisible, unbreathing
a: Bat Form, Minor Destruction, Hew, Major Destruction, Greater Servant of
Makhleb, Renounce Religion, Evoke Invisibility


You were on level 1 of the Snake Pit.
You worshipped Makhleb.
Makhleb was exalted by your worship.
You were almost alive.

You visited 5 branches of the dungeon, and saw 21 of its levels.
You also visited: Sewer and Ice Cave.

You collected 1890 gold pieces.
You spent 130 gold pieces at shops.

Inventory:

Hand Weapons
 a - a +8 scimitar of flaming
 f - a +2 rapier of speed (weapon)
 w - a +0 great sword
Missiles
 p - 342 poisoned tomahawks (quivered)
Armour
 b - the +0 chain mail of the Untouchables {rF+ rN+ MR-}
   (You found it in an ice cave)

   It protects you from fire.
   It protects you from negative energy.
   It affects your resistance to hostile enchantments.
 u - the +1 ring mail of Yrha (worn) {+Inv Int+3}
   (You found it in an ice cave)

   It affects your intelligence (+3).
   It lets you turn invisible.
 v - a +0 helmet (worn)
 y - a scarf of repulsion (worn)
 B - a +2 cloak
 E - the +2 shield of Resistance {rF+ rC+ MR+}
   (You found it on level 2 of the Lair of Beasts)

   It protects you from fire.
   It protects you from cold.
   It affects your resistance to hostile enchantments.
 H - a +2 pair of gloves (worn)
 S - a +2 pair of boots of stealth (worn)
 W - a +0 troll leather armour
Magical Staves
 l - an uncursed staff of wizardry {unknown}
Jewellery
 d - an uncursed amulet of magic regeneration
 m - a +6 ring of strength (right hand)
 o - an uncursed amulet of guardian spirit
 t - an uncursed ring of protection from cold
 z - the ring "Natzemy" {Ice MR+}
   (You found it on level 4 of the Dungeon)

   [ring of ice]

   It enhances your ice magic.
   It makes you vulnerable to fire.
   It protects you from cold.
   It affects your resistance to hostile enchantments.
 O - an amulet of regeneration (around neck)
 P - an uncursed amulet of rage
 R - a ring of insulation (left hand)
Wands
 e - a wand of polymorph (24)
 n - a wand of flame (40)
 r - a wand of charming (5)
 J - a wand of random effects (11)
 M - a wand of iceblast (13)
 T - a wand of paralysis (27)
 Z - a wand of digging (7)
Scrolls
 h - 6 scrolls of amnesia
 i - 2 scrolls of identify
 A - a scroll of fog {unknown}
 D - a scroll of silence {unknown}
 G - 5 scrolls of magic mapping
 L - 5 scrolls of immolation
 Q - 5 scrolls of teleportation
 Y - 2 scrolls of remove curse
Potions
 c - 2 potions of magic {unknown}
 g - 5 potions of lignification
 j - 2 potions of haste {unknown}
 k - 4 potions of agility
 q - 31 potions of blood
 s - 5 potions of heal wounds {unknown}
 x - 4 potions of might {unknown}
 C - 2 potions of degeneration
 F - 4 potions of flight {unknown}
 I - 3 potions of mutation {unknown}
 N - 3 potions of ambrosia {unknown}
 U - a potion of resistance {unknown}
 V - 4 potions of curing
 X - a potion of brilliance {unknown}


   Skills:
 - Level 5.2 Fighting
 + Level 20.0 Long Blades
 - Level 10.1 Armour
 - Level 11.2 Dodging
 - Level 12.2 Stealth
 - Level 3.1 Shields
 - Level 5.3 Spellcasting
 - Level 8.0 Hexes
 - Level 5.5 Charms
 - Level 0.5 Necromancy


You had 11 spell levels left.
You knew the following spells:

 Your Spells              Type           Power        Failure   Level  Hunger
a - Infusion              Chrm           ###.....     1%          1    None
b - Ozocubu's Armour      Chrm/Ice       ##......     19%         3    ##.....
c - Spectral Weapon       Hex/Chrm       ####....     3%          3    ##.....
d - Swiftness             Chrm/Air       ##......     10%         2    None
e - Regeneration          Chrm/Necr      ###.......   17%         3    ##.....
f - Slow                  Hex            ####....     1%          1    None

Your spell library contained the following spells:

 Spells                   Type           Power        Failure   Level  Hunger
 Corona                   Hex            ####...      1%          1    None
 Song of Slaying          Chrm           ###.....     3%          2    None
 Throw Frost              Conj/Ice       #.....       12%         2    None
 Apportation              Tloc           #.....       21%         1    None
 Freeze                   Ice            #.....       21%         1    None
 Sandblast                Erth           #.....       21%         1    None
 Summon Butterflies       Summ           #.......     21%         1    None
 Recall                   Summ/Tloc      N/A          52%         3    ##.....
 Summon Mana Viper        Hex/Summ       ###.....     71%         5    ######.
 Ice Form                 Ice/Tmut       #.......     89%         4    ####...
 Summon Ice Beast         Ice/Summ       #.......     89%         4    ####...
 Throw Icicle             Conj/Ice       #.......     89%         4    ####...
 Bolt of Magma            Conj/Fire/Erth #.........   99%         5    ######.
 Summon Demon             Summ           #.........   99%         5    ######.
 Summon Forest            Summ/Tloc      #.........   99%         5    ######.
 Aura of Abjuration       Summ           #.........   100%        6    #######
 Iron Shot                Conj/Erth      #.........   100%        6    #######
 Statue Form              Tmut/Erth      #........    100%        6    #######
 Haunt                    Necr/Summ      #.........   100%        7    #######
 Malign Gateway           Summ/Tloc      #.........   100%        7    #######
 Monstrous Menagerie      Summ           #.........   100%        7    #######
 Shadow Creatures         Summ           N/A          100%        7    #######
 Spellforged Servitor     Conj/Summ      #.........   100%        7    #######
 Summon Greater Demon     Summ           #.........   100%        7    #######
 Summon Horrible Things   Summ           #.........   100%        8    #######
 Shatter                  Erth           #.........   100%        9    #######


Dungeon Overview and Level Annotations

Branches:
Dungeon (12/12)            Temple (1/1) D:6            Lair (6/6) D:7
  Swamp (0/3) Lair:4        Snake (1/3) Lair:4        Slime (0/5) Lair:5
    Orc (1/1) D:9          Vaults (0/3) D:11
    Elf: Orc:1       Depths: D:12

Altars:
Ashenzari
Cheibriados
Dithmenos
Gozag
Hepliaklqana
Kikubaaqudgha
Lugonu
Makhleb
Nemelex Xobeh
Okawaru
Qazlal
Ru
Sif Muna
Trog
Uskayaw
Vehumet
Wu Jian
Xom
Yredelemnul
Jiyva

Shops:
D:4 ([?:

Portals:
Abyss: D:9

Annotations:
Lair:3 exclusion: oklob plant


Innate Abilities, Weirdness & Mutations

Your natural rate of healing is unusually fast.
You have sharp fingernails.
You have razor-sharp teeth.
You have supernaturally acute eyesight. (SInv)
You can survive without breathing.


Message History

The salamander hits you!
* * * LOW HITPOINT WARNING * * *
You are engulfed in flames!
* * * LOW HITPOINT WARNING * * *
The naga mage hits you with a +0 spear.
* * * LOW HITPOINT WARNING * * *
The guardian serpent casts a spell at you.
You easily resist.
Attempting to read a scroll while constricted might waste it - continue anyway?
You're unable to finish using the scroll due to being constricted!
You smell the scent of fear.
The naga mage points at you and mumbles some strange words.
The orb of energy hits you.
* * * LOW HITPOINT WARNING * * *
The guardian serpent closely misses you.
The naga mage completely misses you. The naga mage constricts you.
The salamander barely misses you. The salamander hits you.
* * * LOW HITPOINT WARNING * * *
You are engulfed in flames!
You die...

#.##...#...###.##..##
#.#....#....#...#...##
##.##...#....###......#
#.......##.......#....#
....#....#.....#.#....#
...%#...##.....##########
....#...#...............#
...####(#....####N..###.#
#.## #.)...##.N@N..# ..#
#######..SN#### ###
#.#...N# #.###.####
#........## ##........#
#........# #).......#
#...####.#


You could see 2 salamanders, a guardian serpent, 2 naga magi and a naga.

Vanquished Creatures
  An ironheart preserver (D:11)
  Snorg (Lair:5)
  A fire dragon (Lair:6)
  9 hydras
  2 naga warriors (Snake:1)
  5 catoblepae
  A queen ant (D:8)
  A two-headed ogre (D:11)
  11 death yaks
  A shock serpent (Snake:1)
  A fire crab (Lair:6)
  A centaur warrior (D:12)
  A cyclops (D:10)
  A phantasmal warrior (D:12)
  2 wolf spider zombies
  A necromancer (IceCv)
  2 ugly things (D:10)
  A mana viper (Snake:1)
  3 manticores
  2 salamanders (Snake:1)
  3 deep elf magi
  An oklob plant (Lair:5)
  A shining eye (shapeshifter) (D:10)
  4 black mambas
  4 naga magi (Snake:1)
  3 elephants (Lair:6)
  A guardian serpent (Snake:1)
  4 ice statues (IceCv)
  A cane toad (shapeshifter) (D:11)
  3 torpor snails (Lair:6)
  3 gargoyles
  7 cane toads
  11 rime drakes
  5 komodo dragons
  An efreet (D:11)
  8 ice devils (IceCv)
  A hornet (shapeshifter) (D:12)
  Grinder (D:4)
  2 trolls
  2 polar bears
  2 harpy skeletons
  A meliai zombie (D:9)
  Prince Ribbit (D:7)
  7 blink frogs
  3 bog bodies (Lair:4)
  Grum (D:9)
  3 dream sheep (Lair:6)
  4 hippogriffs
  A shadow (D:11)
  A wraith (D:11)
  2 wyverns
  9 steam dragons
  53 yaks
  A human (shapeshifter) (D:10)
  A hungry ghost (D:7)
  A basilisk (Lair:1)
  8 crocodiles
  2 acid dragons
  5 nagas
  8 porcupines
  8 water moccasins
  12 ice beasts
  6 soldier ants (D:8)
  10 orc warriors
  A black bear (Lair:2)
  2 sky beasts
  A hornet zombie (D:8)
  3 ogres
  2 necrophages
  10 wolves
  4 kobold brigands
  7 bullfrogs
  7 centaurs
  A scorpion (D:6)
  A wyvern skeleton (D:8)
  2 water moccasin skeletons
  6 killer bees (D:9)
  8 wights
  6 howler monkeys
  3 electric eels
  7 orc priests
  6 crimson imps
  2 draconian simulacra (IceCv)
  17 hounds
  Crazy Yiuf (D:7)
  6 jellies
  3 bullfrog skeletons
  4 iguanas
  7 orc wizards
  30 worker ants
  2 spriggan simulacra (IceCv)
  2 killer bee zombies
  2 ogre simulacra (IceCv)
  17 adders
  4 naga simulacra (IceCv)
  A river rat (Sewer)
  7 shadow imps
  5 oozes
  3 adder zombies
  4 adder skeletons
  4 worms
  2 dart slugs (D:1)
  5 leopard geckos
  42 orcs
  4 giant cockroaches
  8 hobgoblins
  8 jackals
  5 quokkas
  10 ball pythons
  4 bats
  3 frilled lizards
  7 goblins
  12 kobolds
  15 rats
  2 plants
589 creatures vanquished.

Vanquished Creatures (others)
  A butterfly (Lair:6)
  2 fungi
  A lurking horror (D:9)
  2 plants
  25 spectral weapons
31 creatures vanquished.

Grand Total: 620 creatures vanquished

Notes
Turn   | Place    | Note
-------+----------+-------------------------------------------
     0 | D:1      | Leeroy the Vampire Skald began the quest for the Orb.
     0 | D:1      | Reached XP level 1. HP: 16/16 MP: 3/3
   140 | D:1      | Reached skill level 3 in Long Blades
   209 | D:1      | Reached XP level 2. HP: 18/22 MP: 5/5
   876 | D:1      | Reached skill level 4 in Long Blades
  1303 | D:2      | Reached XP level 3. HP: 23/27 MP: 6/6
  1395 | D:2      | Found a basalt altar of Yredelemnul.
  2016 | D:3      | Reached skill level 5 in Long Blades
  2016 | D:3      | Reached XP level 4. HP: 24/33 MP: 7/7
  2118 | D:3      | Reached skill level 6 in Long Blades
  2420 | D:3      | Reached XP level 5. HP: 20/38 MP: 6/8
  2533 | D:3      | Reached skill level 7 in Long Blades
  2893 | D:4      | Found Featahac's Antique Armour Boutique.
  2943 | D:4      | Reached XP level 6. HP: 44/44 MP: 9/9
  3024 | D:4      | Found Dutups's Magic Scroll Boutique.
  3053 | D:4      | Reached skill level 8 in Long Blades
  3120 | D:4      | Found Hianaic's Antique Weapon Boutique.
  3129 | D:4      | Bought a great sword for 130 gold pieces
  3178 | D:4      | Got a translucent iron ring
  3188 | D:4      | Found Dizelesm's Book Shop.
  3211 | D:4      | Learned a level 3 spell: Ozocubu's Armour
  3215 | D:4      | Learned a level 3 spell: Spectral Weapon
  3293 | D:4      | Learned a level 2 spell: Swiftness
  3475 | D:4      | Reached skill level 9 in Long Blades
  3475 | D:4      | Noticed Grinder
  3487 | D:4      | Killed Grinder
  3488 | D:4      | Reached skill level 10 in Long Blades
  3488 | D:4      | Reached XP level 7. HP: 44/49 MP: 8/10
  3861 | D:4      | Reached skill level 11 in Long Blades
  4125 | D:5      | Entered Level 5 of the Dungeon
  4296 | D:5      | Reached XP level 8. HP: 30/55 MP: 11/11
  4453 | D:5      | Identified the cursed ring "Natzemy" {Ice MR+} (You found
                  | it on level 4 of the Dungeon)
  4533 | D:5      | Found a white marble altar of Elyvilon.
  4613 | D:5      | Found a glowing drain.
  4635 | Sewer    | Entered a sewer
  4746 | Sewer    | Reached skill level 12 in Long Blades
  4870 | Sewer    | Reached skill level 1 in Hexes
  5509 | D:5      | Reached skill level 5 in Hexes
  5703 | D:5      | Found a radiant altar of Vehumet.
  7245 | D:6      | Found a staircase to the Ecumenical Temple.
  7249 | D:6      | Got a dull robe
  7275 | Temple   | Entered the Ecumenical Temple
  7394 | Temple   | Became a worshipper of Makhleb the Destroyer
  7454 | D:6      | Found a shattered altar of Ashenzari.
  7467 | D:6      | Reached XP level 9. HP: 53/61 MP: 10/12
  7997 | D:6      | Identified the +2 robe of the Gate {Str+2} (You found it on
                  | level 6 of the Dungeon)
  8068 | D:6      | Found an ancient bone altar of Kikubaaqudgha.
  8071 | D:6      | Found a stormy altar of Qazlal.
  8084 | D:6      | Found an iron altar of Okawaru.
  8085 | D:6      | Found a glowing silver altar of Zin.
  8089 | D:6      | Found a shadowy altar of Dithmenos.
  8091 | D:6      | Found a corrupted altar of Lugonu.
  8251 | D:7      | Reached skill level 5 in Dodging
  8293 | D:7      | Noticed a troll
  8355 | D:7      | Learned a level 3 spell: Regeneration
  8394 | D:7      | Found a hide-covered altar of Uskayaw.
  8454 | D:7      | Got a smoking tin ring
  8472 | D:7      | Reached * piety under Makhleb
  8492 | D:7      | Identified the cursed ring "Xerytut" {Str+2 Stlth--} (You
                  | found it on level 7 of the Dungeon)
  8533 | D:7      | Found a sacrificial altar of Ru.
  8677 | D:7      | Noticed Prince Ribbit
  8696 | D:7      | Killed Prince Ribbit
  8946 | D:7      | Found a staircase to the Lair.
  9064 | D:7      | Found a runed door.
  9068 | D:7      | Noticed Crazy Yiuf
  9072 | D:7      | Killed Crazy Yiuf
  9116 | Lair:1   | Entered Level 1 of the Lair of Beasts
  9122 | Lair:1   | Noticed a cane toad
  9139 | Lair:1   | Killed a cane toad
  9140 | Lair:1   | Reached XP level 10. HP: 67/67 MP: 11/13
  9150 | Lair:1   | Noticed a four-headed hydra
  9172 | D:7      | Reached skill level 5 in Stealth
  9614 | D:8      | Reached ** piety under Makhleb
  9651 | D:8      | Noticed a six-headed hydra
 10448 | D:8      | Noticed a queen ant
 10691 | D:9      | Found a staircase to the Orcish Mines.
 10714 | D:9      | Reached *** piety under Makhleb
 10899 | D:9      | Noticed Grum
 10900 | D:9      | Found a one-way gate to the infinite horrors of the Abyss.
 10901 | D:9      | Found a corrupted altar of Lugonu.
 10914 | D:9      | Reached skill level 10 in Stealth
 10926 | D:9      | Killed Grum
 11159 | D:9      | HP: 1/100 [killer bee (5)]
 11369 | D:9      | Noticed a +0 dagger
 11370 | D:9      | Found a hide-covered altar of Uskayaw.
 11371 | D:9      | Noticed a +0 hand axe
 11473 | D:9      | Noticed a gargoyle
 11478 | D:9      | Killed a gargoyle
 11570 | Orc      | Entered the Orcish Mines
 11606 | D:10     | Entered Level 10 of the Dungeon
 11863 | D:10     | Noticed a catoblepas
 11891 | D:10     | HP: 2/71 [catoblepas/blast of calcifying dust (8)]
 12533 | D:10     | Noticed a cyclops
 12587 | D:10     | Learned a level 1 spell: Slow
 12610 | D:10     | Killed a catoblepas
 12611 | D:10     | Reached skill level 5 in Fighting
 12611 | D:10     | Reached XP level 11. HP: 58/80 MP: 8/14
 13067 | D:11     | Noticed a deep elf mage
 13092 | D:11     | Killed a deep elf mage
 13135 | D:11     | Noticed a two-headed ogre
 13225 | D:11     | Noticed a cyclops
 13242 | D:11     | Reached skill level 13 in Long Blades
 13546 | D:11     | Reached **** piety under Makhleb
 13663 | D:11     | Reached skill level 14 in Long Blades
 13728 | D:11     | Found a gate to the Vaults.
 13728 | D:11     | Noticed an ironheart preserver
 13755 | D:12     | Entered Level 12 of the Dungeon
 13755 | D:12     | Noticed a deep elf mage
 13759 | D:12     | Killed a deep elf mage
 13866 | D:12     | Noticed a four-headed hydra
 14028 | D:12     | Reached skill level 15 in Long Blades
 14028 | D:12     | Noticed a fire dragon
 14043 | D:12     | Found a runed door.
 14050 | D:12     | Noticed a phantasmal warrior
 14062 | D:12     | Killed a phantasmal warrior
 14102 | D:12     | Noticed a fire giant
 14226 | D:12     | Noticed a centaur warrior
 14247 | D:12     | Killed a centaur warrior
 14338 | D:12     | Noticed a centaur warrior
 14519 | D:12     | Noticed a two-headed ogre
 14846 | D:12     | Noticed a cyclops
 14846 | D:12     | Noticed a seven-headed hydra
 14960 | D:11     | Killed an ironheart preserver
 14961 | D:11     | Reached skill level 16 in Long Blades
 14961 | D:11     | Reached XP level 12. HP: 44/86 MP: 7/15
 15166 | D:11     | Killed a two-headed ogre
 15489 | D:10     | Reached skill level 17 in Long Blades
 16078 | D:8      | Found a blossoming altar of Fedhas.
 16145 | D:8      | Found a hazy altar of Hepliaklqana.
 16526 | D:8      | Killed a queen ant
 16527 | D:8      | Reached skill level 18 in Long Blades
 17200 | Lair:1   | Reached ***** piety under Makhleb
 17269 | Lair:1   | Noticed a five-headed hydra
 17278 | Lair:1   | Killed a one-headed hydra
 17284 | Lair:1   | Killed a one-headed hydra
 17433 | Lair:1   | Reached skill level 19 in Long Blades
 17927 | Lair:2   | Noticed a seven-headed hydra
 17937 | Lair:2   | Killed a three-headed hydra
 17938 | Lair:2   | Reached XP level 13. HP: 91/91 MP: 13/17
 18198 | Lair:2   | Reached skill level 5 in Spellcasting
 18374 | Lair:2   | Found the +2 shield of Resistance {rF+ rC+ MR+}
 18984 | Lair:3   | Found a frozen archway.
 18995 | Lair:3   | Reached skill level 1 in Shields
 19029 | IceCv    | Entered an ice cave
 19595 | IceCv    | Reached skill level 5 in Charms
 19637 | IceCv    | Got a buzzing chain mail
 19651 | IceCv    | Identified the cursed +0 chain mail of the Untouchables
                  | {rF+ rN+ MR-} (You found it in an ice cave)
 19659 | IceCv    | Got a dazzling ring mail
 19665 | IceCv    | Identified the cursed +1 ring mail of Yrha {+Inv Int+3}
                  | (You found it in an ice cave)
 19840 | Lair:3   | Reached skill level 1 in Armour
 20903 | Lair:4   | Found a staircase to the Snake Pit.
 21368 | Lair:4   | Found a staircase to the Swamp.
 21963 | Lair:5   | Reached skill level 5 in Armour
 22030 | Lair:5   | Found a staircase to the Slime Pits.
 22030 | Lair:5   | Found a viscous altar of Jiyva.
 22448 | Lair:5   | Noticed Snorg
 22468 | Lair:5   | Killed Snorg
 22671 | Lair:6   | Entered Level 6 of the Lair of Beasts
 22855 | Lair:5   | Reached XP level 14. HP: 98/98 MP: 21/21
 23013 | Lair:6   | Reached ****** piety under Makhleb
 23366 | Lair:6   | Reached skill level 10 in Armour
 23596 | Lair:6   | Reached skill level 10 in Dodging
 24330 | Snake:1  | Entered Level 1 of the Snake Pit
 24693 | Snake:1  | Reached XP level 15. HP: 79/103 MP: 22/22
 24758 | Snake:1  | Reached skill level 20 in Long Blades
 24846 | Snake:1  | HP: 3/103 [naga mage/orb of energy (5)]
 24846 | Snake:1  | HP: 1/103 [salamander (2)]
 24846 | Snake:1  | Demolished by a salamander

Skill      XL: |  1  2  3  4  5  6  7  8  9 10 11 12 13 14 15 |
---------------+----------------------------------------------+-----
Long Blades    | 3 4 5 6 7 10 11 12 16 19 20 | 20.0
Hexes          | 8 |  8.0
Dodging        | 9 11 | 11.2
Stealth        | 3 12 | 12.2
Fighting       | 5 |  5.2
Spellcasting   | 3 5 |  5.3
Shields        | 3 |  3.1
Charms         | 5 |  5.5
Armour         | 7 10 | 10.1
Necromancy     | |  0.5

Action                   |  1- 3 |  4- 6 |  7- 9 | 10-12 | 13-15 || total
-------------------------+-------+-------+-------+-------+-------++-------
Melee: Falchion          |    95 |   147 |       |       |       ||   242
       Long sword        |     7 |       |       |       |       ||     7
       Bite              |    10 |    15 |    31 |   110 |   105 ||   271
       Great sword       |       |    33 |   416 |   623 |       ||  1072
       Rapier            |       |       |       |    27 |    38 ||    65
       Scimitar          |       |       |       |    75 |   618 ||   693
Throw: Tomahawk          |       |       |    11 |       |     2 ||    13
 Cast: Spectral Weapon   |       |       |     5 |    47 |    36 ||    88
       Ozocubu's Armour  |       |       |     1 |     2 |     4 ||     7
       Regeneration      |       |       |     1 |       |       ||     1
       Slow              |       |       |       |     1 |       ||     1
Invok: Minor Destruction |       |       |       |     1 |       ||     1
 Abil: End Transformatio |       |       |       |       |     1 ||     1
       Bat Form          |       |       |       |       |     1 ||     1
  Use: Scroll            |       |     3 |     6 |    10 |    21 ||    40
       Potion            |       |     9 |     7 |     9 |    13 ||    38
 Stab: Sleeping          |     5 |     8 |    11 |    29 |    26 ||    79
       Distracted        |       |       |     2 |     5 |    12 ||    19
       Paralysed         |       |       |     2 |       |       ||     2
       Petrified         |       |       |       |       |     2 ||     2
  Eat: Corpse            |     1 |     3 |    13 |    42 |    24 ||    83
Armor: Leather armour    |    28 |    55 |    73 |       |       ||   156
       Robe              |       |       |    24 |    66 |       ||    90
       Skin              |       |       |       |    73 |       ||    73
       Troll leather arm |       |       |       |    78 |    31 ||   109
       Ring mail         |       |       |       |       |   106 ||   106
Dodge: Dodged            |    71 |   106 |   271 |   595 |   344 ||  1387
       Deflected         |       |       |       |       |    11 ||    11
Block: Other             |     3 |    10 |    57 |   165 |   118 ||   353
       Medium shield     |       |       |       |       |    45 ||    45
